General information
- name: BNet
- type: Ladder team game (AT/RT)
- host: Battle.net
- saver: BEAR_AND
map: Monsoon
- players: 6
- length: 31:05
- speed: Fast
- version: 1.26 W3XP
- replay type:

» download(169 KB)
Players
team 1 (winner)
BEAR_AND (
purple | 107 APM | 3337 actions | 31:05)
4 Archmage
2 Blizzard
2 Brilliance Aura
3 Mountain King
2 Storm Bolt
1 Bash
3 Paladin
2 Holy Light
1 Divine Shield
» actions
| Assign group hotkey | 17 | |
| Basic commands | 6 | |
| Build / train | 100 | |
| Enter build submenu | 49 | |
| Enter hero's abilities submenu | 10 | |
| Give item / drop item | 16 | |
| Right click | 2085 | |
| Select / deselect | 430 | |
| Select group hotkey | 464 | |
| Use ability | 152 | |
3337 total
» units
| Peasant | 21 | |
| Dragonhawk Rider | 4 | |
25 total
» upgrades
| Masonry | 3 | |
| Cloud | 1 | |
| Swords | 1 | |
| Armor | 1 | |
| Animal War Training | 1 | |
7 total
» buildings
| Altar of Kings | 1 | |
| Farm | 7 | |
| Lumber Mill | 1 | |
| Scout Tower | 42 | |
| Guard Tower | 25 | |
| Arcane Tower | 2 | |
| Keep | 2 | |
| Arcane Vault | 5 | |
| Castle | 1 | |
| Gryphon Aviary | 1 | |
| Town Hall | 2 | |
| Blacksmith | 1 | |
| Barracks | 1 | |
91 total
» build order
00:07 Altar of Kings
00:25 Farm
00:58 Farm
01:20 Lumber Mill
01:30 Scout Tower
01:31 Scout Tower
01:55 Scout Tower
02:04 Guard Tower
02:05 Guard Tower
02:25 Guard Tower
02:26 Guard Tower
02:26 Guard Tower
02:28 Arcane Tower
02:28 Arcane Tower
02:49 Scout Tower
02:51 Scout Tower
03:28 Guard Tower
03:29 Scout Tower
03:34 Scout Tower
04:36 Guard Tower
04:37 Scout Tower
04:39 Scout Tower
04:39 Scout Tower
04:41 Keep
04:41 Keep
04:52 Scout Tower
04:53 Scout Tower
05:07 Guard Tower
05:08 Guard Tower
05:10 Arcane Vault
05:24 Guard Tower
05:34 Guard Tower
05:37 Scout Tower
05:39 Scout Tower
06:14 Guard Tower
06:16 Farm
06:47 Guard Tower
08:06 Scout Tower
08:07 Scout Tower
08:17 Castle
08:19 Gryphon Aviary
09:46 Farm
09:48 Farm
09:52 Town Hall
09:54 Guard Tower
10:47 Farm
10:47 Farm
12:28 Guard Tower
12:55 Scout Tower
12:55 Scout Tower
12:56 Scout Tower
12:57 Scout Tower
12:58 Scout Tower
12:59 Scout Tower
13:01 Scout Tower
13:35 Town Hall
13:37 Scout Tower
13:38 Scout Tower
13:39 Scout Tower
13:50 Scout Tower
13:52 Scout Tower
13:53 Scout Tower
13:54 Scout Tower
13:55 Scout Tower
15:11 Guard Tower
15:12 Guard Tower
15:27 Guard Tower
15:41 Blacksmith
15:41 Barracks
15:44 Scout Tower
15:45 Scout Tower
15:46 Scout Tower
15:52 Scout Tower
15:52 Scout Tower
15:53 Scout Tower
15:56 Scout Tower
15:57 Scout Tower
15:57 Scout Tower
16:18 Scout Tower
16:18 Scout Tower
18:27 Guard Tower
18:59 Guard Tower
24:24 Arcane Vault
24:25 Arcane Vault
24:26 Arcane Vault
24:26 Arcane Vault
24:59 Guard Tower
» items
| Healing Salve | 3 | |
| Lesser Clarity Potion | 3 | |
| Boots of Speed | 3 | |
| Staff of Teleportation | 4 | |
| Staff of Sanctuary | 9 | |
| Scroll of Town Portal | 1 | |
| Potion of Lesser Invulnerability | 1 | |
24 total
Teelo (
teal | 65 APM | 2020 actions | 31:04)
4 Blood Mage
2 Flame Strike
2 Siphon Mana
» actions
| Assign group hotkey | 59 | |
| Basic commands | 69 | |
| Build / train | 138 | |
| ESC pressed | 11 | |
| Enter build submenu | 72 | |
| Enter hero's abilities submenu | 5 | |
| Give item / drop item | 15 | |
| Right click | 760 | |
| Select / deselect | 247 | |
| Select group hotkey | 464 | |
| Use ability | 180 | |
2020 total
» units
» upgrades
| Masonry | 3 | |
| Lumber Harvesting | 2 | |
| Gunpowder | 3 | |
| Armor | 2 | |
| Swords | 3 | |
| Plating | 2 | |
| Sorceress Training | 1 | |
| Magic Sentry | 1 | |
17 total
» buildings
| Altar of Kings | 1 | |
| Farm | 4 | |
| Scout Tower | 94 | |
| Arcane Vault | 4 | |
| Lumber Mill | 2 | |
| Arcane Tower | 2 | |
| Guard Tower | 39 | |
| Keep | 2 | |
| Blacksmith | 1 | |
| Town Hall | 2 | |
| Workshop | 1 | |
| Castle | 1 | |
| Cannon Tower | 1 | |
| Arcane Sanctum | 1 | |
155 total
» build order
00:23 Altar of Kings
00:38 Farm
01:03 Scout Tower
01:13 Scout Tower
01:21 Scout Tower
01:41 Arcane Vault
01:55 Lumber Mill
02:07 Arcane Tower
02:13 Scout Tower
02:17 Arcane Tower
02:23 Farm
02:45 Scout Tower
02:54 Scout Tower
03:22 Scout Tower
03:23 Scout Tower
03:24 Guard Tower
03:24 Guard Tower
03:45 Guard Tower
03:56 Scout Tower
03:58 Guard Tower
04:37 Guard Tower
04:41 Scout Tower
05:05 Scout Tower
05:07 Scout Tower
05:07 Scout Tower
05:23 Keep
05:27 Farm
05:28 Farm
05:37 Guard Tower
06:16 Guard Tower
06:18 Blacksmith
06:43 Guard Tower
06:54 Town Hall
06:55 Scout Tower
06:55 Scout Tower
07:13 Scout Tower
07:17 Scout Tower
07:43 Guard Tower
07:46 Scout Tower
07:55 Workshop
08:04 Guard Tower
08:19 Guard Tower
08:36 Guard Tower
08:42 Scout Tower
08:52 Scout Tower
09:16 Scout Tower
09:17 Scout Tower
09:23 Guard Tower
09:27 Guard Tower
09:27 Guard Tower
09:28 Castle
09:51 Scout Tower
09:53 Scout Tower
09:55 Scout Tower
09:56 Scout Tower
09:59 Scout Tower
10:34 Scout Tower
10:34 Scout Tower
10:36 Guard Tower
10:44 Guard Tower
11:01 Scout Tower
11:04 Scout Tower
11:05 Guard Tower
11:05 Guard Tower
11:55 Scout Tower
11:57 Guard Tower
12:04 Scout Tower
12:13 Scout Tower
12:13 Scout Tower
12:15 Scout Tower
12:15 Scout Tower
12:33 Scout Tower
12:34 Scout Tower
12:35 Scout Tower
12:35 Scout Tower
12:55 Guard Tower
13:33 Guard Tower
13:57 Guard Tower
14:00 Guard Tower
14:51 Town Hall
14:56 Guard Tower
15:23 Scout Tower
15:24 Scout Tower
15:24 Scout Tower
15:25 Scout Tower
15:25 Scout Tower
16:40 Guard Tower
16:42 Scout Tower
16:43 Scout Tower
18:00 Guard Tower
18:01 Scout Tower
18:01 Scout Tower
18:02 Scout Tower
18:05 Scout Tower
18:05 Scout Tower
18:06 Scout Tower
20:47 Scout Tower
20:48 Scout Tower
20:48 Scout Tower
21:02 Cannon Tower
22:12 Scout Tower
22:16 Scout Tower
22:16 Scout Tower
22:17 Scout Tower
22:19 Scout Tower
22:20 Scout Tower
22:23 Guard Tower
23:46 Guard Tower
24:03 Scout Tower
24:04 Scout Tower
24:05 Scout Tower
24:13 Guard Tower
24:14 Scout Tower
24:15 Scout Tower
24:15 Scout Tower
24:18 Scout Tower
24:18 Scout Tower
24:38 Arcane Vault
24:39 Arcane Vault
24:40 Arcane Vault
24:42 Guard Tower
24:56 Arcane Sanctum
25:40 Guard Tower
25:47 Guard Tower
26:38 Guard Tower
27:00 Keep
27:05 Lumber Mill
29:09 Scout Tower
29:10 Scout Tower
29:11 Scout Tower
29:11 Scout Tower
29:13 Scout Tower
29:14 Scout Tower
29:16 Scout Tower
29:17 Scout Tower
29:17 Scout Tower
29:18 Scout Tower
29:19 Scout Tower
29:20 Scout Tower
29:21 Scout Tower
29:23 Scout Tower
29:44 Guard Tower
29:44 Guard Tower
29:55 Scout Tower
29:55 Scout Tower
29:55 Scout Tower
29:56 Scout Tower
29:56 Scout Tower
29:56 Scout Tower
» items
| Scroll of Regeneration | 4 | |
| Lesser Clarity Potion | 4 | |
| Mechanical Critter | 2 | |
| Healing Salve | 2 | |
| Potion of Healing | 7 | |
| Orb of Fire | 1 | |
| Scroll of Town Portal | 1 | |
| Tiny Great Hall | 1 | |
| Boots of Speed | 3 | |
| Staff of Teleportation | 1 | |
| Staff of Sanctuary | 7 | |
33 total
timg4strok (
blue | 81 APM | 2531 actions | 31:04)
7 Blademaster
3 Wind Walk
3 Critical Strike
1 Bladestorm
» actions
| Assign group hotkey | 8 | |
| Basic commands | 13 | |
| Build / train | 66 | |
| ESC pressed | 10 | |
| Enter build submenu | 64 | |
| Enter hero's abilities submenu | 7 | |
| Give item / drop item | 8 | |
| Right click | 1439 | |
| Select / deselect | 143 | |
| Select group hotkey | 601 | |
| Use ability | 171 | |
2531 total
» units
» upgrades
| Ranged Weapons | 3 | |
| Spiked Barricades | 1 | |
| Armor | 2 | |
| Reinforced Defenses | 1 | |
| Envenomed Spears | 1 | |
| Liquid Fire | 1 | |
9 total
» buildings
| Altar of Storms | 1 | |
| War Mill | 33 | |
| Orc Burrow | 4 | |
| Watch Tower | 41 | |
| Voodoo Lounge | 3 | |
| Stronghold | 1 | |
| Beastiary | 2 | |
| Great Hall | 2 | |
| Fortress | 1 | |
88 total
» build order
00:07 Altar of Storms
00:16 War Mill
00:28 Orc Burrow
01:42 Watch Tower
01:43 Voodoo Lounge
02:40 Orc Burrow
02:44 Watch Tower
02:48 Watch Tower
03:33 Stronghold
03:49 Watch Tower
04:27 Watch Tower
04:49 Watch Tower
05:36 Watch Tower
05:47 Orc Burrow
05:50 Orc Burrow
05:55 Watch Tower
06:15 Voodoo Lounge
06:18 Voodoo Lounge
06:23 Beastiary
06:27 Beastiary
08:49 Great Hall
09:32 Watch Tower
09:58 Watch Tower
11:01 Watch Tower
11:52 Watch Tower
11:57 Fortress
12:07 Watch Tower
13:01 Watch Tower
13:02 Watch Tower
13:13 Watch Tower
14:34 Watch Tower
14:37 Watch Tower
15:42 Watch Tower
15:45 Watch Tower
16:27 Watch Tower
17:50 Watch Tower
17:54 Watch Tower
18:57 Watch Tower
18:57 Watch Tower
18:58 Watch Tower
18:58 Watch Tower
19:06 Watch Tower
20:10 Watch Tower
21:17 Watch Tower
23:59 Watch Tower
24:02 Watch Tower
24:42 War Mill
24:43 War Mill
24:45 War Mill
24:46 War Mill
24:48 War Mill
24:50 War Mill
24:51 War Mill
24:52 War Mill
24:53 War Mill
24:55 War Mill
24:56 War Mill
24:56 War Mill
24:58 War Mill
25:07 Watch Tower
25:36 War Mill
25:38 War Mill
25:40 War Mill
25:41 War Mill
25:42 War Mill
25:43 War Mill
25:44 War Mill
25:45 War Mill
25:47 War Mill
25:48 War Mill
26:00 War Mill
26:00 War Mill
26:02 War Mill
26:04 War Mill
26:05 War Mill
26:06 War Mill
26:08 War Mill
26:10 War Mill
26:12 War Mill
26:29 Watch Tower
27:34 Watch Tower
28:14 Watch Tower
28:15 Watch Tower
28:16 Watch Tower
28:41 Watch Tower
29:41 Great Hall
29:45 Watch Tower
30:50 Watch Tower
» items
| Staff of Teleportation | 1 | |
| Boots of Speed | 1 | |
| Healing Salve | 3 | |
| Lesser Clarity Potion | 5 | |
| Orb of Lightning | 1 | |
| Potion of Mana | 1 | |
| Tiny Great Hall | 1 | |
13 total
team 2 (loser)

»
CptFalco (
yellow | 34 APM | 1038 actions | 30:57)
3 Death Knight
2 Death Coil
1 Death Pact
» actions
| Assign group hotkey | 11 | |
| Basic commands | 7 | |
| Build / train | 81 | |
| Enter build submenu | 20 | |
| Enter hero's abilities submenu | 3 | |
| Remove unit from queue | 18 | |
| Right click | 363 | |
| Select / deselect | 308 | |
| Select group hotkey | 170 | |
| Use ability | 56 | |
1038 total
» units
| Acolyte | 3 | |
| Ghoul | 4 | |
| Crypt Fiend | 4 | |
| Necromancer | 8 | |
| Obsidian Statue | 13 | |
| Abomination | 13 | |
| Meatwagon | 2 | |
47 total
» upgrades
| Web | 1 | |
| Burrow | 0 | |
| Necromancer Training | 2 | |
| Unholy Strength | 1 | |
| Unholy Armor | 1 | |
| Disease Cloud | 1 | |
| Destroyer Form | 1 | |
7 total
» buildings
| Crypt | 1 | |
| Graveyard | 1 | |
| Ziggurat | 9 | |
| Altar of Darkness | 1 | |
| Tomb of Relics | 1 | |
| Halls of the Dead | 1 | |
| Spirit Tower | 0 | |
| Nerubian Tower | 1 | |
| Temple of the Damned | 1 | |
| Slaughterhouse | 1 | |
| Black Citadel | 1 | |
| Sacrificial Pit | 1 | |
19 total
» build order
00:15 Crypt
00:26 Graveyard
00:53 Ziggurat
01:11 Altar of Darkness
01:35 Tomb of Relics
02:12 Ziggurat
02:44 Ziggurat
03:47 Halls of the Dead
03:52 Ziggurat
05:05 Ziggurat
05:07 Spirit Tower
05:09 Nerubian Tower
08:27 Temple of the Damned
08:37 Slaughterhouse
10:06 Black Citadel
10:50 Ziggurat
11:32 Ziggurat
14:01 Ziggurat
16:47 Sacrificial Pit
17:04 Ziggurat
» items
| Rod of Necromancy | 1 | |
| Boots of Speed | 1 | |
| Scroll of Town Portal | 2 | |
4 total

»
Peench_Peench (
orange | 33 APM | 1008 actions | 30:54)
4 Death Knight
2 Death Coil
2 Unholy Aura
» actions
| Build / train | 65 | |
| Enter build submenu | 22 | |
| Enter hero's abilities submenu | 4 | |
| Remove unit from queue | 3 | |
| Right click | 555 | |
| Select / deselect | 319 | |
| Use ability | 40 | |
1008 total
» units
| Acolyte | 11 | |
| Ghoul | 8 | |
| Crypt Fiend | 12 | |
| Frost Wyrm | 7 | |
38 total
» upgrades
| Web | 1 | |
| Burrow | 1 | |
| Freezing Breath | 1 | |
| Creature Attack | 2 | |
| Creature Carapace | 2 | |
7 total
» buildings
| Altar of Darkness | 1 | |
| Crypt | 1 | |
| Ziggurat | 11 | |
| Graveyard | 2 | |
| Spirit Tower | 9 | |
| Halls of the Dead | 1 | |
| Black Citadel | 1 | |
| Sacrificial Pit | 1 | |
| Boneyard | 1 | |
| Slaughterhouse | 1 | |
29 total
» build order
00:09 Altar of Darkness
00:40 Crypt
01:06 Ziggurat
01:28 Ziggurat
01:53 Graveyard
02:31 Graveyard
03:42 Spirit Tower
03:43 Spirit Tower
08:17 Ziggurat
09:24 Halls of the Dead
09:56 Spirit Tower
10:17 Ziggurat
13:19 Ziggurat
14:29 Spirit Tower
14:59 Black Citadel
15:32 Sacrificial Pit
17:49 Spirit Tower
18:05 Boneyard
19:14 Ziggurat
20:11 Spirit Tower
21:14 Ziggurat
22:10 Spirit Tower
22:16 Ziggurat
22:26 Ziggurat
23:48 Spirit Tower
23:57 Ziggurat
25:30 Slaughterhouse
26:31 Spirit Tower
28:15 Ziggurat
» items

»
Toastaboy (
red | 23 APM | 708 actions | 31:03)
2 Archmage
1 Summon Water Elemental
1 Blizzard
» actions
| Basic commands | 9 | |
| Build / train | 58 | |
| Enter build submenu | 46 | |
| Enter hero's abilities submenu | 2 | |
| Remove unit from queue | 21 | |
| Right click | 279 | |
| Select / deselect | 231 | |
| Use ability | 61 | |
708 total
» units
| Peasant | 10 | |
| Rifleman | 11 | |
| Priest | 2 | |
| Mortar Team | 3 | |
| Siege Engine | -2 | |
24 total
» upgrades
| Gunpowder | 2 | |
| Priest Training | 1 | |
3 total
» buildings
| Altar of Kings | 1 | |
| Barracks | 1 | |
| Blacksmith | 1 | |
| Farm | 16 | |
| Keep | 1 | |
| Workshop | 1 | |
| Arcane Sanctum | 1 | |
| Castle | 1 | |
| Arcane Vault | 1 | |
| Scout Tower | 16 | |
| Cannon Tower | 5 | |
45 total
» build order
00:37 Altar of Kings
01:04 Barracks
01:27 Blacksmith
01:48 Farm
02:17 Farm
02:28 Farm
03:27 Farm
03:32 Farm
04:23 Farm
06:09 Keep
08:41 Workshop
10:05 Arcane Sanctum
10:16 Farm
10:58 Farm
11:54 Farm
11:59 Farm
13:13 Farm
13:17 Farm
14:24 Farm
14:27 Farm
15:39 Castle
15:52 Farm
15:55 Farm
19:41 Arcane Vault
24:45 Scout Tower
24:51 Scout Tower
24:53 Scout Tower
25:25 Scout Tower
25:31 Scout Tower
25:40 Scout Tower
26:01 Scout Tower
26:10 Scout Tower
26:23 Cannon Tower
26:25 Cannon Tower
26:27 Cannon Tower
26:28 Cannon Tower
26:33 Scout Tower
26:39 Scout Tower
26:46 Scout Tower
26:49 Scout Tower
26:58 Scout Tower
27:00 Scout Tower
27:03 Scout Tower
27:40 Cannon Tower
28:00 Scout Tower
Chat log
(16:30 / All) BEAR_AND: good news
(16:33 / All) BEAR_AND: cigarette juice
(16:41 / All) Toastaboy: tower fags
(17:23 / All) BEAR_AND: why tp
(17:24 / All) BEAR_AND: these are just heroes
(17:44 / All) BEAR_AND: heroes only
(17:45 / All) BEAR_AND: stop dying
(19:55 / All) BEAR_AND: red!
(19:57 / All) BEAR_AND: your hero!
(19:58 / All) BEAR_AND: careful
(19:59 / All) BEAR_AND: Ccaref
(20:00 / All) BEAR_AND: ul
(20:04 / All) BEAR_AND: ooopS! juice
(20:14 / All) Toastaboy: WOAH PURPLE WATCH OUT
(21:19 / All) BEAR_AND: wopwowowowowowo
(22:25 / All) BEAR_AND: red
(22:26 / All) BEAR_AND: hero
(22:27 / All) BEAR_AND: again
(22:27 / All) BEAR_AND: red
(22:28 / All) BEAR_AND: hero
(22:31 / All) BEAR_AND: Onoooooo
(22:44 / All) Toastaboy: woah purple watch out
(23:54 / All) BEAR_AND: rude!
(24:06 / All) Toastaboy: cant even play the game right
(24:09 / All) Toastaboy: fagboys
(24:13 / All) timg4strok: what is right
(24:15 / All) BEAR_AND: sorry
(24:22 / All) timg4strok: this is my 1st game
(25:32 / All) Toastaboy: kk
(30:47 / All) BEAR_AND: clan towa #1
(30:52 / All) Teelo: CLAN TOWA
(30:53 / All) BEAR_AND: http://highper.ch/ see "U" there
(30:58 / All) Toastaboy: Nope
(30:59 / All) timg4strok: peench peench